AoeStats
← SillyOleMe

Arabia

507835421Analyzed
2v2 RM · 13d ago on Sep 19, 2026· 35m 26s· 4 players
Game mode
Random Map
Map size
Medium (4 player)
Population
200
Speed
Normal
Resources
Standard
Victory
Conquest
Starting age
Dark Age
Ending age
Imperial Age
RankedLock teamsTeams togetherTeam positionsShared explorationLock speedFull tech treeHidden civsTurbo modeCheats
Victory
Defeat
🇲🇽 Ethiopians · Mexico
993
+16
🇺🇸 Goths · United States
962
+17
🇺🇸 Mongols · United States
1018
-17
🇺🇸 Britons · United States
964
-16
HDSON.menoncab
10:59 Feudal Age
11:32 Double-Bit Axe
12:04 Loom
21:56 Castle Age
21:09 Horse Collar
22:33 Crossbowman
24:39 Fletching
25:32 Bow Saw
27:10 Bodkin Arrow
28:58 Padded Archer Armor
29:12 Scale Mail Armor
29:19 Gold Mining
30:03 Squires
31:04 Wheelbarrow
30:41 Town Watch
34:26 Gold Shaft Mining
HDSON.Stilson16
0:31 Loom
11:45 Feudal Age
12:20 Man-at-Arms
14:25 Fletching
19:39 Padded Archer Armor
21:59 Horse Collar
26:26 Castle Age
25:02 Scale Mail Armor
25:13 Forging
26:26 Long Swordsman
27:11 Squires
26:36 Elite Skirmisher
30:58 Leather Archer Armor
37:41 Imperial Age
SillyOleMe
9:54 Feudal Age
8:10 Loom
17:30 Bloodlines
17:21 Horse Collar
24:22 Castle Age
23:46 Fletching
23:56 Padded Archer Armor
24:03 Scale Barding Armor
25:46 Thumb Ring
27:23 Husbandry
30:45 Double-Bit Axe
32:45 Bow Saw
33:11 Light Cavalry
ulmerb
10:40 Feudal Age
11:30 Double-Bit Axe
16:40 Loom
19:03 Fletching
26:12 Castle Age
24:35 Horse Collar
25:04 Gold Mining
25:37 Stone Mining
27:03 Bow Saw
28:07 Wheelbarrow
28:12 Heavy Plow
29:42 Guard Tower
30:49 Bodkin Arrow
31:36 Ballistics
35:51 Masonry
Connection lost

Rejoining the realm…

Still unreachable

The connection could not be restored.

Session expired

The server has moved on; the page needs a fresh start.